 Dungeon Crawl Stone Soup version 0.15.2 (webtiles) character file.

3956 DrPain the Hoplite (level 10, -14/88 HPs)
             Began as a Minotaur Berserker on Jan 12, 2015.
             Was a High Priest of Trog.
             Killed from afar by a fire drake (31 damage)
             ... with a blast of flame
             ... on Level 10 of the Dungeon on Jan 13, 2015.
             The game lasted 00:30:29 (9200 turns).

DrPain the Hoplite (Minotaur Berserker)             Turns: 9200, Time: 00:30:29

HP -14/88        AC 13     Str 23      XL: 10   Next:  2%
MP   6/6         EV  6     Int  4      God: Trog [*****.]
Gold 287         SH  9     Dex 13      Spells:  0 memorised,  9 levels left

rFire  . . .     SeeInvis .     D - +0 morningstar (curse)
rCold  . . .     Clarity  .     u - +0 plate armour (curse)
rNeg   . . .     rCorr    .     l - +2 buckler
rPois  +         rRot     .     (helmet restricted)
rElec  .         Spirit   .     (no cloak)
SustAb .         Warding  .     (no gloves)
rMut   .         Stasis   .     w - +0 pair of boots
Gourm  .                        a - amulet of faith
MR     .....                    q - ring of poison resistance
                                m - +1 ring of strength

@: not resistant to hostile enchantments, extremely unstealthy
A: retaliatory headbutt, horns 2
a: Burn Spellbooks, Berserk, Trog's Hand, Brothers in Arms, Renounce Religion


You were on level 10 of the Dungeon.
You worshipped Trog.
Trog was extremely pleased with you.
You were not hungry.

You visited 1 branch of the dungeon, and saw 10 of its levels.

You collected 396 gold pieces.
You spent 109 gold pieces at shops.

Inventory:

Hand weapons
 D - a cursed +0 morningstar (weapon)
Armour
 l - a +2 buckler (worn)
 u - a cursed +0 plate armour (worn)
 w - a +0 pair of boots (worn)
Magical devices
 f - a wand of cold (5)
 x - a wand of lightning (3)
 B - a wand of fire (1)
Comestibles
 c - 6 bread rations
 g - a fruit
 h - 3 meat rations
 r - a royal jelly
 t - 8 slices of pizza
 A - 2 beef jerkies
Scrolls
 b - 5 scrolls of remove curse {unknown}
 e - 5 scrolls of identify
 i - 4 scrolls of magic mapping {unknown}
 j - 3 scrolls of recharging {unknown}
 n - 2 scrolls of enchant weapon {unknown}
 o - 2 scrolls of fog {unknown}
 s - 3 scrolls of enchant armour {unknown}
 v - 5 scrolls of noise {unknown}
 y - a scroll of vulnerability {unknown}
 I - a scroll of blinking {unknown}
 J - a scroll of immolation {unknown}
 K - a scroll of amnesia {unknown}
Jewellery
 a - an amulet of faith (around neck)
 m - a +1 ring of strength (left hand)
 q - a ring of poison resistance (right hand)
 z - an uncursed ring of protection from fire
 C - an uncursed ring of protection from cold
 G - an uncursed ring of positive energy
Potions
 d - 5 potions of curing
 k - a potion of berserk rage
 p - 2 potions of brilliance
 E - a potion of mutation {unknown}
 F - 2 potions of heal wounds
 H - a potion of agility


   Skills:
 * Level 7.9 Fighting
 - Level 10.1 Maces & Flails
 + Level 6.0 Armour
 - Level 2.1 Dodging
 - Level 11.0 Shields
 - Level 1.2 Evocations


You had 9 spell levels left.
You didn't know any spells.

Dungeon Overview and Level Annotations

Branches:
Dungeon (10/15)            Temple (0/1) D:5
    Orc: D:9-12        Lair: D:8-11

Altars:
Cheibriados
Dithmenos
Nemelex Xobeh
Yredelemnul

Shops:
D:5 (:*   D:7 %


Innate Abilities, Weirdness & Mutations

You reflexively headbutt those who attack you in melee.
You have a pair of horns on your head.


Message History

You kill the yak!
Trog accepts your kill.
Your Armour skill increases to level 6!
You have reached level 10!
The yak gores you!
* * * LOW HITPOINT WARNING * * *
The fire drake bites you but does no damage.
The yak gores you but does no damage.
Use which ability? (? or * to list) You're too hungry to go berserk.
Eat which item? (? for menu, Esc to quit)
You block the fire drake's attack. The yak gores you!
* * * LOW HITPOINT WARNING * * *
The fire drake bites you but does no damage.
The yak gores you but does no damage.
You continue eating.
You block the yak's attack. The fire drake breathes flames at you.
The blast of flame hits you!
You die...

........###
....[....#.
.........#
......#
##....#
#.<...#
###.....#
####.......#
........@Y.#
.......Y.k.#
..........#
............
....$........
.............
...........
.......≈≈ ...


You could see 2 yaks and a fire drake.

Vanquished Creatures
  A troll (D:9)
  A hog (D:7)
  A yak (D:10)
  A human (D:7)
  2 orc warriors
  A yellow wasp (D:9)
  A sky beast (D:5)
  A black bear (D:8)
  5 ice beasts
  4 ogres
  6 centaurs
  Sigmund (D:4)
  3 giant frogs
  2 scorpions
  3 wights (D:9)
  5 crimson imps
  A quasit (D:9)
  An iguana (D:7)
  An orc priest (D:7)
  A centaur skeleton (D:8)
  2 jellies
  4 worker ants
  A goliath beetle (D:9)
  2 hounds
  A black bear skeleton (D:7)
  4 orc wizards
  3 sheep (D:7)
  A hound skeleton (D:5)
  Terence (D:2)
  4 adders
  10 gnolls
  2 shadow imps (D:5)
  3 worms (D:2)
  4 giant geckos
  2 oozes
  16 orcs
  A bat skeleton (D:4)
  5 giant cockroaches
  13 hobgoblins
  9 kobolds
  2 quokkas
  15 bats
  2 giant newts
  19 goblins
  2 hobgoblin skeletons (D:4)
  A kobold skeleton (D:4)
  3 orc skeletons
  An orc zombie (D:7)
  12 rats
  A ballistomycete (D:9)
188 creatures vanquished.

Vanquished Creatures (others)
  An orc warrior (D:9)
  An orc (D:9)
  A giant spore (D:9)
3 creatures vanquished.

Grand Total: 191 creatures vanquished

Notes
Turn   | Place    | Note
--------------------------------------------------------------
     0 | D:1      | DrPain, the Minotaur Berserker, began the quest for the Orb.
     0 | D:1      | Reached XP level 1. HP: 19/19 MP: 1/1
   337 | D:1      | Reached skill level 4 in Maces & Flails
   493 | D:1      | Reached XP level 2. HP: 21/26 MP: 1/1
  1237 | D:2      | Acquired Trog's second power
  1300 | D:2      | Reached skill level 5 in Maces & Flails
  1300 | D:2      | Reached XP level 3. HP: 31/31 MP: 2/2
  1362 | D:2      | Noticed Terence
  1376 | D:2      | Killed Terence
  1506 | D:2      | Reached skill level 6 in Maces & Flails
  1506 | D:2      | Reached XP level 4. HP: 13/39 MP: 2/2
  2822 | D:3      | Reached skill level 7 in Maces & Flails
  2822 | D:3      | Reached XP level 5. HP: 45/45 MP: 2/2
  2889 | D:3      | Noticed an ogre
  2905 | D:3      | Killed an ogre
  2905 | D:3      | Reached skill level 8 in Maces & Flails
  3256 | D:4      | Found a sparkling altar of Nemelex Xobeh.
  3334 | D:4      | Reached XP level 6. HP: 51/51 MP: 3/3
  3424 | D:4      | Noticed an ogre
  3428 | D:4      | Noticed an ogre
  3445 | D:4      | Killed an ogre
  3451 | D:4      | Killed an ogre
  3451 | D:4      | Reached skill level 9 in Maces & Flails
  3848 | D:4      | Reached XP level 7. HP: 52/57 MP: 3/3
  4138 | D:4      | Noticed Sigmund
  4147 | D:4      | Killed Sigmund
  4147 | D:4      | Reached skill level 10 in Maces & Flails
  4421 | D:5      | Entered Level 5 of the Dungeon
  4432 | D:5      | Reached skill level 1 in Shields
  4500 | D:5      | Found a staircase to the Ecumenical Temple.
  4527 | D:5      | Found Gioximei's Book Shoppe.
  4680 | D:5      | Reached skill level 1 in Evocations
  4711 | D:5      | Found Kalong's Weapon Boutique.
  4714 | D:5      | Acquired Trog's third power
  4977 | D:5      | Found Loetwot's Assorted Antiques.
  4985 | D:5      | Bought a scroll labeled BUL DYUTUUMOL for 28 gold pieces
  4985 | D:5      | Bought a scroll labeled KEMMEU PROJURA for 28 gold pieces
  4985 | D:5      | Bought a scroll labeled CAXUID AREATI for 28 gold pieces
  4985 | D:5      | Bought a murky blue potion for 25 gold pieces
  5030 | D:5      | Found a shadowy altar of Dithmenos.
  5122 | D:5      | Found a basalt altar of Yredelemnul.
  5274 | D:5      | Reached skill level 5 in Shields
  5403 | D:5      | Reached XP level 8. HP: 64/64 MP: 4/4
  6422 | D:7      | Found Chummita's Food Emporium.
  7029 | D:7      | Reached skill level 10 in Shields
  7029 | D:7      | Reached XP level 9. HP: 62/70 MP: 5/5
  7302 | D:8      | Reached skill level 11 in Shields
  7860 | D:9      | Reached skill level 5 in Fighting
  7893 | D:9      | Received a gift from Trog
  8355 | D:9      | Reached skill level 5 in Armour
  8600 | D:9      | Found a snail-covered altar of Cheibriados.
  9189 | D:10     | Entered Level 10 of the Dungeon
  9192 | D:10     | Noticed a fire drake
  9198 | D:10     | Reached XP level 10. HP: 36/88 MP: 6/6
  9200 | D:10     | Killed from afar by a fire drake

Action                   |  1- 3 |  4- 6 |  7- 9 | 10-12 || total
-------------------------+-------+-------+-------+-------++-------
Melee: Mace              |    84 |   115 |   127 |       ||   326
       Morningstar       |       |       |   201 |       ||   201
Invok: Berserk           |     1 |     2 |     7 |       ||    10
       Burn Spellbooks   |       |     1 |     2 |       ||     3
Evoke: Wand              |       |       |     4 |       ||     4
  Use: Potion            |       |     6 |     7 |       ||    13
       Scroll            |       |     1 |       |       ||     1
  Eat: Chunk             |     2 |    10 |     8 |       ||    20
       Bread ration      |       |       |     2 |       ||     2
       Beef jerky        |       |       |     1 |       ||     1
       Meat ration       |       |       |     1 |     1 ||     2
       Fruit             |       |       |     1 |       ||     1
